 Dungeon Crawl Stone Soup version 0.28-a0-6-g334057b17a (webtiles) character file.

Game seed: 17743901063775489687

6062 Lusmu the Summoner (level 10, 59/59 HPs)
             Began as a Tengu Summoner on July 22, 2021.
             Was a Believer of Sif Muna.
             Quit the game on level 1 of the Lair of Beasts on Apr 15, 2023.
             The game lasted 01:20:22 (13540 turns).

Lusmu the Summoner (Tengu Summoner)                Turns: 13540, Time: 01:20:23

Health: 59/59      AC:  8    Str: 10    XL:     10   Next: 87%
Magic:  24/24      EV: 33    Int: 16    God:    Sif Muna [**....]
Gold:   359        SH:  5    Dex: 16    Spells: 8/15 levels left

rFire   . . .      SeeInvis +   t - +7 mace of the Forgotten Towns {elec, +Blink rElec}
rCold   + . .      Faith    .   E - +0 buckler
rNeg    . . .      Spirit   .   B - +2 robe {rC+}
rPois   .          Reflect  .   (helmet restricted)
rElec   +          Harm     .   (no cloak)
rCorr   .          Rampage  .   v - +1 pair of gloves
Will    .....      Rnd*Tele +   (boots unavailable)
Stlth   +++.......              z - amulet of the acrobat
HPRegen 0.19/turn               c - ring of magical power
MPRegen 0.19/turn               h - ring of see invisible

@: acrobatic, flying quickly and evasively, quick
A: beak, talons 3, nimble flight, horns 1, iridescent scales 1, teleportitis 1
a: Renounce Religion, Evoke Blink, Channel Magic


You were on level 1 of the Lair of Beasts.
You worshipped Sif Muna.
Sif Muna was pleased with you.
You visited 3 branches of the dungeon, and saw 11 of its levels.

You collected 359 gold pieces.

Inventory:

Hand Weapons
 t - the +7 mace of the Forgotten Towns (weapon) {elec, +Blink rElec}
   (You found it on level 5 of the Dungeon)

   It occasionally discharges a powerful burst of electricity upon striking a
   foe.
   rElec:     It insulates you from electricity.
   +Blink:    It lets you blink.
Missiles
 d - 7 atropa-tipped darts
 j - 31 poisoned darts
 F - 6 curare-tipped darts
Armour
 v - a +1 pair of gloves (worn)
 B - a +2 robe of cold resistance (worn)
 E - a +0 buckler (worn)
Jewellery
 c - a ring of magical power (left hand)
 h - a ring of see invisible (right hand)
 k - a ring of resist corrosion
 z - an amulet of the acrobat (around neck)
 G - an amulet of magic regeneration
Wands
 a - a wand of flame (17)
 o - a wand of mindburst (3)
 y - a wand of charming (9)
Scrolls
 g - 4 scrolls of teleportation
 l - 3 scrolls of noise
 m - 2 scrolls of amnesia
 p - a scroll of enchant weapon
 q - a scroll of enchant armour
 r - 3 scrolls of fog
 s - a scroll of magic mapping
 A - 2 scrolls of fear
 C - a scroll of torment {unknown}
 H - a scroll of summoning {unknown}
Potions
 b - a potion of lignification
 e - 3 potions of curing
 f - a potion of haste
 i - a potion of attraction {unknown}
 n - a potion of invisibility
 u - 2 potions of degeneration {unknown}
 w - a potion of berserk rage {unknown}
 D - a potion of cancellation {unknown}


   Skills:
 + Level 5.1 Fighting
 - Level 5.0 Maces & Flails
 + Level 0.6 Throwing
 - Level 5.0 Armour
 + Level 6.9 Dodging
 + Level 5.1 Stealth
 - Level 5.0 Shields
 - Level 3.0 Spellcasting
 + Level 9.5 Summonings
 - Level 9.0 Air Magic


You had 8 spell levels left.
You knew the following spells:

 Your Spells              Type           Power      Damage    Failure   Level
a - Call Canine Familiar  Summ           33%        N/A       1%          3
b - Summon Lightning Spi  Summ/Air       32%        N/A       4%          4

Your spell library contained the following spells:

 Spells                   Type           Power      Damage    Failure   Level
 Summon Small Mammal      Summ           100%       N/A       1%          1
 Call Imp                 Summ           33%        N/A       1%          2
 Poisonous Vapours        Pois/Air       32%        N/A       4%          2
 Summon Guardian Golem    Hex/Summ       17%        N/A       8%          3
 Animate Skeleton         Necr           4%         N/A       19%         1
 Pain                     Necr           8%         1d4       19%         1
 Sting                    Tmut/Pois      8%         1d3       19%         1
 Slow                     Hex            2%         N/A       28%         2
 Confusing Touch          Hex            2%         N/A       50%         3
 Inner Flame              Hex/Fire       2%         N/A       50%         3
 Vampiric Draining        Necr           1%         2d6       50%         3
 Shadow Creatures         Summ           N/A        N/A       50%         6
 Summon Forest            Summ/Tloc      8%         N/A       58%         5
 Cause Fear               Hex            1%         N/A       88%         4
 Olgreb's Toxic Radiance  Pois           2%         N/A       88%         4
 Yara's Violent Unravell  Hex/Tmut       1%         3d3       99%         5
 Eringya's Noxious Bog    Tmut/Pois      1%         N/A       100%        6
 Storm Form               Tmut/Air       8%         N/A       100%        7
 Discord                  Hex            1%         N/A       100%        8


Dungeon Overview and Level Annotations

Branches:
Dungeon (8/15)             Temple (1/1) D:4            Lair (2/6) D:8
  Swamp: Lair:2-4    Shoals: Lair:2-4     Snake: Lair:2-4    Spider: Lair:2-4

Altars:
Ashenzari
Cheibriados
Dithmenos
Elyvilon
Fedhas
Gozag
Hepliaklqana
Kikubaaqudgha
Makhleb
Nemelex Xobeh
Okawaru
Qazlal
Ru
Sif Muna
Trog
Uskayaw
Vehumet
Wu Jian
Yredelemnul
Zin
The Shining One
Beogh

Shops:
D:8 (

Annotations:
D:3 1 runed translucent door, Crazy Yiuf
D:5 Sigmund
D:7 1 transporter


Innate Abilities, Weirdness & Mutations

You have a beak for a mouth.
You have claws for feet.
Your magical nature lets you fly swiftly and evasively.
You have a pair of small horns on your head.
You are partially covered in iridescent scales. (AC +2)
You are occasionally teleported next to monsters.


Message History

Sif Muna accepts your kill.
There is a stone staircase leading up here.
You fly upwards.
There is a stone staircase leading down here.
You start resting.
Magic restored.
You see here the Volume of Shifting Calling.
Something appears before you!
You pick up the Volume of Shifting Calling and begin reading...
You add the spells Summon Forest, Shadow Creatures, Eringya's Noxious Bog and Storm Form to your library.
Okay, then.
Done exploring.
Unknown command.
Okay, then.
Okay, then.
Okay, then.
Unknown command.
Save game and exit?
Welcome back, Lusmu the Tengu Summoner.
Sif Muna whispers: I know many secrets...
Press ? for a list of commands and other information.
There is a stone staircase leading down here.
There is a stone staircase leading down here.
There is a stone staircase leading down here.
Unknown command.
Unknown command.
Unknown command.
Save game and exit?
Welcome back, Lusmu the Tengu Summoner.
Sif Muna whispers: I know many secrets...
Press ? for a list of commands and other information.
Unknown command.
Save game and exit?
Welcome back, Lusmu the Tengu Summoner.
Sif Muna whispers: I know many secrets...
Press ? for a list of commands and other information.
Unknown command.
Okay, then.
Okay, then.
Are you sure you want to abandon this character and quit the game? (Confirm with "yes".)

###### ##.>@.##
##......####
###..........#
#............####
##>........#....#
#.........#....#
#..............#
##........#....##
##.............#


There were no monsters in sight!

Vanquished Creatures
  A komodo dragon (Lair:1)
  A troll (D:6)
  11 yaks
  3 water moccasins
  A black bear (D:6)
  2 sky beasts
  An orc warrior (D:6)
  2 phantoms
  3 centaurs
  3 bullfrogs
  2 kobold brigands
  2 wyvern zombies
  A gnoll sergeant (D:6)
  2 scorpions (D:6)
  A wyvern skeleton (D:7)
  2 wights (D:8)
  3 jellies
  A centaur skeleton (D:7)
  2 hounds
  An orc priest (D:4)
  A bullfrog skeleton (D:5)
  Terence (D:3)
  3 orc wizards
  2 iguanas
  2 hell rats (D:8)
  A killer bee zombie (D:5)
  A hound skeleton (D:5)
  2 howler monkey zombies
  11 adders
  2 gnolls (D:6)
  2 river rats
  2 shadow imps (D:7)
  A white imp (D:7)
  An ufetubus (D:6)
  2 worms
  A dart slug (D:2)
  16 orcs
  3 endoplasms
  4 giant cockroaches
  6 goblins
  4 hobgoblins
  2 jackals (D:3)
  15 kobolds
  5 quokkas
  4 ball pythons
  5 bats
  5 frilled lizards
  6 rats
155 creatures vanquished.

Vanquished Creatures (collateral kills)
  A hydra (Lair:1)
  A cane toad (Lair:2)
  2 komodo dragons (Lair:1)
  8 yaks
  A phantom (D:4)
  A kobold brigand (D:8)
  5 wights (D:8)
  3 bullfrog zombies (D:5)
  A centaur zombie (D:5)
  2 jellies (D:5)
  A hell rat (D:8)
  An iguana (D:5)
  2 orc wizards
  5 gnolls
  3 adders
  2 river rats (D:8)
  An adder skeleton (D:5)
  A worm (D:1)
  5 orcs
  2 endoplasms
  A giant cockroach (D:1)
  A goblin (D:1)
  2 hobgoblins
  A jackal (D:3)
  A quokka (D:8)
  A ball python (D:2)
  2 bats (D:2)
  A frilled lizard (D:1)
  8 kobolds
  2 rats (D:1)
68 creatures vanquished.

Vanquished Creatures (others)
  3 fungi (Lair:2)
  4 plants
7 creatures vanquished.

Grand Total: 230 creatures vanquished

Notes
Turn   | Place    | Note
-------+----------+-------------------------------------------
     0 | D:1      | Lusmu the Tengu Summoner began the quest for the Orb.
     0 | D:1      | Reached XP level 1. HP: 10/10 MP: 4/4
   326 | D:1      | Reached skill level 5 in Summonings
   380 | D:1      | Reached XP level 2. HP: 3/15 MP: 3/6
   914 | D:1      | Found a faded altar of an unknown god.
  1160 | D:1      | Reached XP level 3. HP: 18/19 MP: 7/7
  1547 | D:2      | Gained mutation: You are partially covered in iridescent
                  | scales. (AC +2) [potion of mutation]
  1547 | D:2      | Gained mutation: You are occasionally teleported next to
                  | monsters. [potion of mutation]
  1547 | D:2      | Gained mutation: You are agile. (Dex +2) [potion of
                  | mutation]
  1734 | D:2      | Reached XP level 4. HP: 20/24 MP: 9/9
  1814 | D:2      | Found a snail-covered altar of Cheibriados.
  2131 | D:3      | Noticed Terence
  2148 | D:3      | Killed Terence
  2149 | D:3      | Gained mutation: Your magical nature lets you fly swiftly
                  | and evasively. [Tengu growth]
  2149 | D:3      | Reached XP level 5. HP: 28/28 MP: 10/10
  2514 | D:3      | Found an opulent altar of Gozag.
  2566 | D:3      | Found a basalt altar of Yredelemnul.
  2960 | D:3      | Found a runed translucent door.
  2961 | D:3      | Noticed Crazy Yiuf
  3287 | D:4      | Found a staircase to the Ecumenical Temple.
  3391 | Temple   | Entered the Ecumenical Temple
  3550 | Temple   | Became a worshipper of Sif Muna the Loreminder
  3973 | D:4      | Noticed a phantom
  4110 | D:4      | Reached XP level 6. HP: 6/32 MP: 11/11
  4550 | D:4      | Learned a level 4 spell: Summon Lightning Spire
  4805 | D:4      | Reached skill level 1 in Air Magic
  5421 | D:5      | Entered Level 5 of the Dungeon
  5499 | D:5      | Reached skill level 5 in Stealth
  5868 | D:5      | Reached XP level 7. HP: 36/36 MP: 12/12
  5912 | D:5      | Identified the +7 mace of the Forgotten Towns {elec, +Blink
                  | rElec}
  5983 | D:5      | Reached skill level 1 in Armour
  6456 | D:5      | Noticed Sigmund
  6707 | D:6      | Lost mutation: You are partially covered in iridescent
                  | scales. (AC +2) [potion of mutation]
  6707 | D:6      | Lost mutation: You are agile. (Dex +2) [potion of mutation]
  6707 | D:6      | Gained mutation: Armour fits poorly on your strangely
                  | shaped body. [potion of mutation]
  6707 | D:6      | Gained mutation: You expend magic power (3 MP) to
                  | strengthen your wands. [potion of mutation]
  7146 | D:6      | Reached XP level 8. HP: 41/41 MP: 7/13
  7181 | D:6      | Noticed a troll
  7877 | D:6      | Reached * piety under Sif Muna
  7878 | D:6      | Reached skill level 1 in Fighting
  7878 | D:6      | Reached skill level 1 in Maces & Flails
  7878 | D:6      | Reached skill level 5 in Air Magic
  8080 | D:6      | Lost mutation: Armour fits poorly on your strangely shaped
                  | body. [potion of mutation]
  8080 | D:6      | Lost mutation: You expend magic power (3 MP) to strengthen
                  | your wands. [potion of mutation]
  8080 | D:6      | Gained mutation: You are partially covered in iridescent
                  | scales. (AC +2) [potion of mutation]
  8080 | D:6      | Gained mutation: You have a pair of small horns on your
                  | head. [potion of mutation]
  8501 | D:6      | Killed a troll
  8502 | D:6      | Reached skill level 1 in Shields
  9147 | D:7      | Reached XP level 9. HP: 46/49 MP: 14/14
  9368 | D:7      | Found an iron altar of Okawaru.
  9503 | D:7      | Noticed a troll
  9611 | D:7      | Reached skill level 5 in Armour
  9650 | D:7      | Learned a level 3 spell: Call Canine Familiar
  9854 | D:7      | Found a transporter.
  9858 | D:7      | Reached ** piety under Sif Muna
  9861 | D:7      | Found a transporter.
  9867 | D:7      | Noticed a two-headed ogre
 10262 | D:8      | Noticed a death yak
 10264 | D:8      | Noticed a death yak
 10390 | D:8      | Noticed a death yak
 10700 | D:8      | Found Moso's Weapon Shoppe.
 11241 | D:8      | Found a staircase to the Lair.
 11257 | D:8      | Reached skill level 5 in Dodging
 11493 | D:8      | Reached skill level 5 in Maces & Flails
 11497 | D:8      | Reached XP level 10. HP: 39/58 MP: 15/15
 11643 | D:8      | Reached skill level 5 in Fighting
 11894 | Lair:1   | Entered Level 1 of the Lair of Beasts
 11967 | Lair:1   | Reached skill level 5 in Shields
 12087 | Lair:1   | Found a dark tunnel.
 12317 | Lair:1   | Noticed a six-headed hydra
 12343 | Lair:1   | Killed a six-headed hydra
 13296 | Lair:1   | Identified a scroll of acquirement
 13459 | Lair:2   | Noticed a cane toad
 13464 | Lair:2   | Killed a cane toad
 13530 | Lair:1   | Acquired the Volume of Shifting Calling
 13540 | Lair:1   | Quit the game

Illustrated notes

Levels and vault maps discovered:
D:1:      dpeg_arrival_prison, layout_basic,
          hellmonk_ecumenical_altar_pennies_from_heaven, minmay_misc_feat_roman,
          hangedman_decor_opposing
D:2:      layout_rooms, basic_altar, minmay_pentomino_pile
D:3:      minmay_angry_zag, layout_loops_corners, mainiacjoe_overflow_24_doors,
          lemuel_doored_altar, uniq_crazy_yiuf_cottage, uniq_terence
D:4:      layout_basic, temple_doors_ab
D:5:      layout_cave_pools, nrook_mini_backslash, sigmund_army
D:6:      layout_basic, gup_sewer_entry_spiral, chequers_mini_garden
D:7:      gammafunk_beogh_shrine, layout_basic, kennysheep_okawaru_gauntlet,
          minmay_curled_crystal
D:8:      layout_loops_ring, dpeg_lair_monsters, serial_shops,
          nicolae_stop_n_shop_2, skrybe_limestone_x
Temple:   regret_index_temple_mists
Lair:1:   layout_gridlike, nicolae_volcano_entry_lava_flow
Lair:2:   layout_loops_ring, minmay_swamp_entry_swarm, grunt_megastairs_3,
          serial_bayou_shore_b, serial_bayou_shore_a

Skill      XL: |  1  2  3  4  5  6  7  8  9 10 |
---------------+-------------------------------+-----
Summonings     | 5 6 7 8 9 |  9.5
Stealth        | 3 4 5 |  5.1
Spellcasting   | 3 |  3.0
Air Magic      | 2 4 6 7 9 |  9.0
Armour         | 3 4 5 |  5.0
Fighting       | 2 4 5 |  5.1
Maces & Flails | 3 5 |  5.0
Shields        | 1 4 5 |  5.0
Dodging        | 3 5 6 |  6.9
Throwing       | |  0.6

Action                   |  1- 3 |  4- 6 |  7- 9 | 10-12 || total
-------------------------+-------+-------+-------+-------++-------
Melee: Spear             |     8 |       |       |       ||     8
       Unarmed           |     8 |       |       |       ||     8
       Kick              |     8 |    20 |    40 |    19 ||    87
       Short sword       |    40 |    99 |     4 |       ||   143
       Peck              |     5 |    16 |    25 |     6 ||    52
       Mace              |       |       |   189 |    63 ||   252
       Headbutt          |       |       |    17 |    12 ||    29
Throw: Dart              |       |       |    10 |     4 ||    14
 Cast: Summon Small Mamm |    19 |    72 |    70 |       ||   161
       Call Canine Famil |       |       |    17 |    15 ||    32
       Summon Lightning  |       |       |     6 |    17 ||    23
 Abil: Evoke Blink       |       |       |       |     1 ||     1
Evoke: Wand              |       |       |    10 |       ||    10
  Use: Scroll            |     5 |     3 |     9 |     3 ||    20
       Potion            |     1 |       |     3 |       ||     4
 Stab: Distracted        |     1 |     1 |     2 |     2 ||     6
       Sleeping          |     2 |     6 |     8 |       ||    16
Armor: Robe              |     5 |       |     2 |     6 ||    13
       Leather armour    |    20 |    24 |    35 |       ||    79
Dodge: Dodged            |    34 |    64 |   138 |    32 ||   268
Block: Buckler           |       |       |    33 |     8 ||    41

Table legend: (Time is in decaauts)
 A = Elapsed time spent in this place.
 B = Non-inter-level travel time spent in this place.
 C = Inter-level travel time spent in this place.
 D = Time resting spent in this place.
 E = Time spent auto-exploring this place.
 F = Levels seen in this place.
 G = Mean time per level.
                   A        B        C        D        E       F      G
               +--------+--------+--------+--------+--------+-----+--------+
         Total |  12929 |  12482 |    447 |   3504 |   3855 |  11 | 1175.4 |
       Dungeon |  11224 |  10856 |    368 |   3120 |   3330 |   8 | 1403.0 |
        Temple |    157 |    121 |     36 |      0 |    108 |   1 |  157.0 |
          Lair |   1547 |   1504 |     43 |    384 |    417 |   2 |  773.5 |
               +--------+--------+--------+--------+--------+-----+--------+

Top non-repeatable levels by time:
     D:4: 2135 daAuts
     D:6: 2082 daAuts
     D:7: 1414 daAuts
  Lair:1: 1319 daAuts
     D:3: 1288 daAuts
     D:5: 1217 daAuts
     D:8: 1207 daAuts
     D:1: 1125 daAuts
     D:2: 753 daAuts
  Lair:2: 228 daAuts
  Temple: 157 daAuts
